 Dungeon Crawl Stone Soup version 0.26.0-16-gc1dbca0489 (webtiles) character file.

Game seed: 2586370358712568532

4760 shakesphere1979 the Covert (level 10, -21/80 HPs)
             Began as a Vampire Brigand on Jan 18, 2021.
             Was a Believer of Dithmenos.
             Demolished by a two-headed ogre
             ... wielding a +0 giant club
              (23 damage)
             ... on level 9 of the Dungeon.
             The game lasted 00:55:31 (13029 turns).

shakesphere1979 the Covert (Vampire Brigand)       Turns: 13029, Time: 00:55:31

Health: -21/80     AC:  6    Str: 11    XL:     10   Next: 23%
Magic:  17/17      EV: 18    Int: 15    God:    Dithmenos [**....]
Gold:   628        SH:  0    Dex: 17    Spells: 19/19 levels left

rFire    + . .     SeeInvis +   L - +3 spear (freeze)
rCold    . . .     Faith    .   (no shield)
rNeg     . . .     Spirit   .   b - +0 robe
rPois    +         Reflect  .   I - +0 helmet (curse)
rElec    .         Harm     .   c - +1 cloak
rCorr    .         Rampage  .   (no gloves)
Will     +....                  m - +0 pair of boots
Stlth    +++++++...             (no amulet)
HPRegen  0.43/turn              o - ring of protection from fire
MPRegen  0.15/turn              z - ring of poison resistance

@: regenerating quickly, wreathed by umbra
A: fangs 3, see invisible, unbreathing
a: Exsanguinate, Renounce Religion, Shadow Step


You were on level 9 of the Dungeon.
You worshipped Dithmenos.
Dithmenos was pleased with you.
You visited 2 branches of the dungeon, and saw 10 of its levels.

You collected 628 gold pieces.

Inventory:

Hand Weapons
 a - a +2 dagger
 x - a +1 whip of electrocution
 L - a +3 spear of freezing (weapon)
 M - a +1 vorpal quarterstaff
Missiles
 d - 16 poisoned darts (quivered)
 e - a curare-tipped dart
 h - 288 stones
 i - 104 bolts
 n - 44 sling bullets
 w - 2 silver javelins
 C - 2 throwing nets
Armour
 b - a +0 robe (worn)
 c - a +1 cloak (worn)
 m - a +0 pair of boots (worn)
 I - a cursed +0 helmet (worn)
Jewellery
 o - a ring of protection from fire (left hand)
 v - an uncursed ring of ice
 z - a ring of poison resistance (right hand)
 H - an uncursed ring of positive energy
Wands
 q - a wand of acid (6)
 y - a wand of random effects (11)
 A - a wand of digging (1)
 E - a wand of polymorph (10)
Scrolls
 g - 8 scrolls of teleportation
 j - 4 scrolls of identify
 l - 2 scrolls of immolation
 p - a scroll of enchant armour
 s - 4 scrolls of amnesia
 D - 4 scrolls of remove curse
 F - a scroll of fear {unknown}
 J - a scroll of fog
 K - a scroll of vulnerability {unknown}
Potions
 f - a potion of magic {unknown}
 k - 7 potions of curing
 r - 3 potions of heal wounds
 t - 2 potions of ambrosia {unknown}
 u - a potion of attraction {unknown}
 B - 2 potions of resistance {unknown}
 G - 2 potions of haste {unknown}
 N - 3 potions of lignification {unknown}
 O - a potion of might {unknown}
Miscellaneous
 P - a phial of floods


   Skills:
 - Level 8.0 Fighting
 - Level 2.1 Short Blades
 - Level 1.5 Throwing
 - Level 9.0 Dodging
 - Level 12.0 Stealth
 + Level 5.2 Spellcasting
 + Level 2.0 Invocations


You had 19 spell levels left.
You didn't know any spells.
Your spell library contained the following spells:

 Spells                   Type           Power        Failure   Level
 Corona                   Hex            3%           16%         1
 Sandblast                Erth           6%           16%         1
 Passwall                 Tmut/Erth      2%           24%         2
 Slow                     Hex            3%           24%         2
 Inner Flame              Hex/Fire       3%           43%         3
 Portal Projectile        Hex/Tloc       6%           43%         3
 Stone Arrow              Conj/Erth      6%           43%         3
 Cause Fear               Hex            1%           85%         4
 Leda's Liquefaction      Hex/Erth       1%           85%         4
 Petrify                  Tmut/Erth      3%           85%         4
 Lee's Rapid Deconstruct  Erth           1%           99%         5


Dungeon Overview and Level Annotations

Branches:
Dungeon (9/15)             Temple (1/1) D:6
   Lair: D:8-11         Orc: D:9-12

Altars:
Ashenzari
Cheibriados
Dithmenos
Elyvilon
Fedhas
Gozag
Hepliaklqana
Kikubaaqudgha
Makhleb
Nemelex Xobeh
Okawaru
Qazlal
Ru
Sif Muna
Uskayaw
Vehumet
Wu Jian
Xom
Yredelemnul
Zin
The Shining One
Jiyva

Annotations:
D:2 exclusion: phantom
D:3 2 transporters, snetch's ghost, amateur HOMo


Innate Abilities, Weirdness & Mutations

Your natural rate of healing is unusually fast.
You have razor-sharp teeth.
You have supernaturally acute eyesight. (SInv)
You can survive without breathing.


Message History

There is an open door here.
There is a burning altar of Makhleb here.
There is an open door here.
You hit the two-headed ogre. You freeze the two-headed ogre.
Your bite misses the two-headed ogre.
The two-headed ogre is lightly wounded.
The two-headed ogre hits you with a +0 giant club!
The two-headed ogre misses you.
You hit the two-headed ogre but do no damage.
The two-headed ogre is lightly wounded.
The two-headed ogre hits you with a +0 giant club!! x2
The two-headed ogre misses you. x2
You hit the two-headed ogre. You freeze the two-headed ogre.
The two-headed ogre is lightly wounded.
The two-headed ogre closely misses you.
The two-headed ogre hits you with a +0 giant club!
The two-headed ogre hits you with a +0 giant club!!
* * * LOW HITPOINT WARNING * * *
The two-headed ogre hits you with a +0 giant club!!
You die...

....# #...# #.#........^..#
....# #...# #.#...........#
....# #...# #.............#
....####...## ######.#......#
............# #.....#......#
##.........#####.#####......#
...........'_'.#.##########.#
# ...........###.........#
#.# ###
................@......# #.#
#.. ...............O.......#
#.# #..
...........#...........#
#.###..
...........#...........#
#.#....
.......................#
#.#...รท
.......................#
#......
)..............#########
###.... ...............#
#...# ...............# ##...#


You could see a two-headed ogre.

Vanquished Creatures
  A two-headed ogre (D:8)
  A water moccasin (D:7)
  Duvessa (D:6)
  4 orc warriors
  2 ice beasts
  2 sky beasts
  A phantom (D:6)
  2 centaurs
  An ogre (D:9)
  3 bullfrogs
  Dowan (D:6)
  3 scorpions
  5 killer bees
  10 wights
  5 howler monkeys
  A bullfrog zombie (D:7)
  8 hounds
  2 quasits
  A centaur skeleton (D:4)
  7 orc priests
  2 jellies (D:8)
  A gnoll shaman (D:4)
  3 iguanas
  Ijyb (D:3)
  8 orc wizards
  10 worker ants
  2 hound skeletons
  A howler monkey zombie (D:5)
  8 gnolls
  8 adders
  2 shadow imps
  2 white imps
  An ufetubus (D:9)
  3 oozes
  2 adder skeletons
  5 worms
  A dart slug (D:1)
  5 leopard geckos
  41 orcs
  10 bats
  7 giant cockroaches
  19 goblins
  4 hobgoblins
  20 jackals
  6 kobolds
  2 quokkas
  2 ball pythons
  4 frilled lizards
  A leopard gecko skeleton (D:4)
  A quokka skeleton (D:5)
  3 rats
246 creatures vanquished.

Vanquished Creatures (others)
  5 withered plants (D:9)
5 creatures vanquished.

Grand Total: 251 creatures vanquished

Notes
Turn   | Place    | Note
-------+----------+-------------------------------------------
     0 | D:1      | shakesphere1979 the Vampire Brigand began the quest for the
                  | Orb.
     0 | D:1      | Reached XP level 1. HP: 16/16 MP: 1/1
    77 | D:1      | Reached skill level 6 in Stealth
   299 | D:1      | Reached XP level 2. HP: 22/22 MP: 2/2
   841 | D:2      | Found a shimmering altar of Xom.
  1124 | D:2      | Reached XP level 3. HP: 27/27 MP: 3/3
  1420 | D:2      | Noticed a phantom
  1613 | D:2      | Reached XP level 4. HP: 16/34 MP: 4/4
  1677 | D:3      | Noticed a black bear
  1775 | D:3      | Noticed snetch's ghost (amateur HOMo)
  1788 | D:2      | Reached skill level 7 in Stealth
  2078 | D:2      | Found an opulent altar of Gozag.
  2078 | D:2      | Found a radiant altar of Vehumet.
  2354 | D:3      | Found a transporter.
  2362 | D:3      | Found a transporter.
  2457 | D:3      | Reached XP level 5. HP: 30/41 MP: 5/5
  2717 | D:3      | Noticed Ijyb
  2727 | D:3      | Killed Ijyb
  2974 | D:4      | Reached skill level 8 in Stealth
  3095 | D:4      | Found a blossoming altar of Fedhas.
  3100 | D:4      | Reached XP level 6. HP: 48/48 MP: 6/6
  3217 | D:4      | Found an iron altar of Okawaru.
  3377 | D:3      | Reached skill level 5 in Dodging
  3619 | D:4      | Reached XP level 7. HP: 54/54 MP: 7/7
  4695 | D:5      | Entered Level 5 of the Dungeon
  4957 | D:5      | Found a shimmering blue altar of Sif Muna.
  4980 | D:5      | Reached skill level 5 in Fighting
  5636 | D:5      | Reached skill level 9 in Stealth
  5636 | D:5      | Reached XP level 8. HP: 63/63 MP: 8/8
  6254 | D:6      | Noticed Duvessa
  6456 | D:6      | Found a staircase to the Ecumenical Temple.
  6499 | D:6      | Reached skill level 10 in Stealth
  6664 | Temple   | Entered the Ecumenical Temple
  6796 | Temple   | Became a worshipper of Dithmenos the Shadowed
  7092 | D:6      | Reached skill level 11 in Stealth
  7514 | D:6      | Found a hazy altar of Hepliaklqana.
  7661 | D:6      | Reached skill level 12 in Stealth
  7908 | D:6      | Reached skill level 1 in Spellcasting
  8052 | D:6      | Reached XP level 9. HP: 21/67 MP: 9/11
  8222 | D:6      | Noticed Dowan
  8230 | D:6      | Killed Duvessa
  8802 | D:6      | Found a broken altar of Ashenzari.
  9481 | D:6      | Killed Dowan
 10064 | D:7      | Reached * piety under Dithmenos
 10930 | D:8      | Noticed a two-headed ogre
 10967 | D:8      | Killed a two-headed ogre
 11014 | D:8      | Found a sacrificial altar of Ru.
 11132 | D:8      | Found a snail-covered altar of Cheibriados.
 11254 | D:7      | Reached XP level 10. HP: 64/80 MP: 16/16
 11432 | D:7      | Reached ** piety under Dithmenos
 11868 | D:9      | Noticed a two-headed ogre
 12142 | D:8      | Reached skill level 1 in Invocations
 12267 | D:9      | Reached skill level 5 in Spellcasting
 12550 | D:9      | Found a burning altar of Makhleb.
 12896 | D:9      | Found an ancient bone altar of Kikubaaqudgha.
 13029 | D:9      | HP: 2/80 [two-headed ogre/+0 giant club (27)]
 13029 | D:9      | Demolished by a two-headed ogre

Illustrated notes

Levels and vault maps discovered:
D:1:      dpeg_arrival_central, layout_basic
D:2:      layout_basic, xom_teletrap_fun, nicolae_overflow_hidden_temple,
          st_stairs_11
D:3:      kennysheep_goblin_castle, layout_loops_ring, gammafunk_ghost_arena
D:4:      layout_rooms, old_standard_altar, old_standard_altar
D:5:      layout_loops_cross, lemuel_doored_altar
D:6:      layout_basic, ashenzari_conservatory_becter, kennysheep_little_box,
          minmay_temple_entry_tees, st_stairs_1, corner_web_ring,
          nrook_mini_backslash, uniq_duvessa
D:7:      layout_loops_ring
D:8:      layout_cave_pools, slow_altar_1, lemuel_crystal_altar
D:9:      layout_basic, kennysheep_mini, kiku_gazebo_garden_becter,
          enter_bailey_3, st_stairs_10
Temple:   pf_slime_end_temple

Skill      XL: |  1  2  3  4  5  6  7  8  9 10 |
---------------+-------------------------------+-----
Fighting       | 2 3 4 5 6 7 8 |  8.0
Stealth        | 6 7 8 9 12 | 12.0
Dodging        | 2 3 5 6 7 9 |  9.0
Spellcasting   | 1 4 5 |  5.2
Invocations    | 2 |  2.0
Short Blades   | |  2.1
Throwing       | |  1.5

Action                   |  1- 3 |  4- 6 |  7- 9 | 10-12 || total
-------------------------+-------+-------+-------+-------++-------
Melee: Dagger            |   103 |   273 |   829 |    23 ||  1228
       Bite              |     6 |    31 |   117 |    24 ||   178
       Spear             |       |       |   128 |   178 ||   306
Throw: Dart              |       |       |    37 |    10 ||    47
  Use: Potion            |       |     1 |     2 |       ||     3
       Scroll            |       |       |    14 |       ||    14
 Stab: Sleeping          |    13 |    19 |    26 |     2 ||    60
       Distracted        |       |     1 |     2 |     1 ||     4
Armor: Robe              |    13 |    59 |   121 |    30 ||   223
Dodge: Dodged            |    50 |   155 |   699 |   196 ||  1100
